BSA
VISTA PANTHERS @ ST CHARLES SHEENS
04/05/2028
 
TOP OF THE 1ST
Vista Panthers batting - Pitching for St Charles Sheens : RHP Jesús Andrade
Pitching: RHP Jesús Andrade
Batting: LHB Brent Alonzo 0-0: Ball
1-0: Ball
2-0: Called Strike
2-1: Ball
3-1: Base on Balls
Batting: LHB Bob Cunningham 0-0: Called Strike
0-1: Ball
1-1: Foul Ball, location: 2F
1-2: Fly out, F7 (Flyball, 78D)
Batting: LHB Dante Owens 0-0: Foul Ball, location: 2F
0-1: Ball
1-1: SINGLE (Groundball, 34) (infield hit)
Brent Alonzo to second
Batting: SHB Mark Wells 0-0: Fielders Choice at 2nd, 1-6 (Groundball, 13S)
Brent Alonzo to third
Batting: LHB Noriaki Sangi 0-0: SINGLE (Groundball, 34) (infield hit)
Brent Alonzo scores
Mark Wells to second
Batting: RHB Cisco Gatán 0-0: Foul Ball, location: 2F
0-1: Swinging Strike
0-2: Ball
1-2: SINGLE (Groundball, 6MD)
Mark Wells to third
Noriaki Sangi to second
Runner from 3rd tries for Home, SAFE, no throw
Batting: RHB Phil Matthews 0-0: Ball
1-0: Swinging Strike
1-1: Foul Ball, location: 2F
1-2: Foul Ball, location: 2F
1-2: Foul Ball, location: 2F
1-2: Ball
2-2: Fielders Choice at 2nd, 5-4 (Groundball, 56)
Top of the 1st over - 2 run(s), 3 hit(s), 0 error(s), 1 left on base; Vista 2 - St Charles 0
BOTTOM OF THE 1ST
St Charles Sheens batting - Pitching for Vista Panthers : RHP Dave Jackson
Pitching: RHP Dave Jackson
Now in LF: Alfredo López
Batting: RHB Jesús Hernández 0-0: Foul Ball, location: 2F
0-1: Called Strike
0-2: Ball
1-2: Ball
2-2: Foul Ball, location: 2F
2-2: Fly out, F9 (Flyball, 9S)
Batting: RHB Miguel Palácios 0-0: Ball
1-0: Ball
2-0: Swinging Strike
2-1: Foul Ball, location: 2F
2-2: Foul Ball, location: 2F
2-2: Fly out, F6 (Line Drive, 56)
Batting: LHB Larry Howard 0-0: Ball
1-0: Called Strike
1-1: Ball
2-1: Ground out 4-3 (Groundball, 4)
Bottom of the 1st over - 0 run(s), 0 hit(s), 0 error(s), 0 left on base; Vista 2 - St Charles 0
TOP OF THE 2ND
Vista Panthers batting - Pitching for St Charles Sheens : RHP Jesús Andrade
Batting: RHB Justin Burgess 0-0: Foul Ball, location: 2F
0-1: Fly out, F4 (Line Drive, 34D)
Batting: RHB Salvador Salas 0-0: Foul Ball, location: 2F
0-1: Called Strike
0-2: Strikes out swinging
Batting: LHB Brent Alonzo 0-0: Called Strike
0-1: Foul Ball, location: 2F
0-2: Ground out 4-3 (Groundball, 4)
Top of the 2nd over - 0 run(s), 0 hit(s), 0 error(s), 0 left on base; Vista 2 - St Charles 0
BOTTOM OF THE 2ND
St Charles Sheens batting - Pitching for Vista Panthers : RHP Dave Jackson
Batting: LHB Stan Bates 0-0: Called Strike
0-1: Swinging Strike
0-2: Ball
1-2: Ball
2-2: Ground out U3 (Groundball, 34S)
Batting: RHB Max Rash 0-0: Swinging Strike
0-1: Swinging Strike
0-2: Strikes out swinging
Batting: LHB Juan Jose Rojas 0-0: Foul Ball, location: 2F
0-1: Ground out 1-3 (Groundball, P)
Bottom of the 2nd over - 0 run(s), 0 hit(s), 0 error(s), 0 left on base; Vista 2 - St Charles 0
TOP OF THE 3RD
Vista Panthers batting - Pitching for St Charles Sheens : RHP Jesús Andrade
Batting: LHB Bob Cunningham 0-0: Called Strike
0-1: Ball
1-1: Ball
2-1: Ball
3-1: Base on Balls
Batting: RHB Alfredo López 0-0: Ball
1-0: Ball
2-0: Ball
3-0: Base on Balls
Bob Cunningham to second
Batting: SHB Mark Wells 0-0: Called Strike
0-1: Ball
1-1: Ball
2-1: Fielders Choice at 2nd, 5-4 (Groundball, 56)
Bob Cunningham to third
Batting: LHB Noriaki Sangi 0-0: Ball
1-0: Called Strike
1-1: Fly out, F2 (Popup, 5S)
Batting: RHB Cisco Gatán 0-0: Called Strike
0-1: Ball
1-1: Ball
2-1: Ball
3-1: Base on Balls
Mark Wells to second
Batting: RHB Phil Matthews 0-0: Fly out, F1 (Line Drive, 13)
Top of the 3rd over - 0 run(s), 0 hit(s), 0 error(s), 3 left on base; Vista 2 - St Charles 0
BOTTOM OF THE 3RD
St Charles Sheens batting - Pitching for Vista Panthers : RHP Dave Jackson
Batting: RHB Dan Tyler 0-0: Foul Ball, location: 2F
0-1: Ball
1-1: Swinging Strike
1-2: Fly out, F6 (Line Drive, 6S)
Batting: LHB Jason Lambert 0-0: Called Strike
0-1: Ball
1-1: Ball
2-1: Foul Ball, location: 2F
2-2: Ball
3-2: Strikes out swinging
Batting: LHB Kyle Harrison 0-0: Ball
1-0: Ball
2-0: Called Strike
2-1: Foul Ball, location: 2F
2-2: Strikes out looking
Bottom of the 3rd over - 0 run(s), 0 hit(s), 0 error(s), 0 left on base; Vista 2 - St Charles 0
TOP OF THE 4TH
Vista Panthers batting - Pitching for St Charles Sheens : RHP Jesús Andrade
Batting: RHB Justin Burgess 0-0: Called Strike
0-1: SINGLE (Flyball, 9S)
Batting: RHB Salvador Salas 0-0: Called Strike
0-1: Fly out, F8 (Flyball, 8RM)
Batting: LHB Brent Alonzo 0-0: Called Strike
0-1: Ball
1-1: Ball
2-1: SINGLE (Flyball, 7LS)
Justin Burgess to second
Batting: LHB Bob Cunningham 0-0: Called Strike
0-1: Foul Ball, location: 2F
0-2: Fielders Choice at 2nd, 6-4 (Groundball, 6)
Justin Burgess to third
Batting: RHB Alfredo López 0-0: Fielders Choice at 2nd, 6-4 (Groundball, 6)
Top of the 4th over - 0 run(s), 2 hit(s), 0 error(s), 1 left on base; Vista 2 - St Charles 0
BOTTOM OF THE 4TH
St Charles Sheens batting - Pitching for Vista Panthers : RHP Dave Jackson
Batting: RHB Jesús Hernández 0-0: Foul Ball, location: 2F
0-1: Ball
1-1: Fly out, F9 (Line Drive, 9S)
Batting: RHB Miguel Palácios 0-0: Ball
1-0: Called Strike
1-1: Foul Ball, location: 2F
1-2: Ball
2-2: Foul Ball, location: 2F
2-2: Strikes out swinging
Batting: LHB Larry Howard 0-0: Ball
1-0: Reached on error, E4 (Groundball, 34)
Batting: LHB Stan Bates 0-0: Ball
1-0: Fly out, F5 (Line Drive, 5)
Bottom of the 4th over - 0 run(s), 0 hit(s), 1 error(s), 1 left on base; Vista 2 - St Charles 0
TOP OF THE 5TH
Vista Panthers batting - Pitching for St Charles Sheens : RHP Jesús Andrade
Batting: SHB Mark Wells 0-0: Called Strike
0-1: Fly out, F8 (Flyball, 78M)
Batting: LHB Noriaki Sangi 0-0: Ball
1-0: Foul Ball, location: 2F
1-1: Called Strike
1-2: Strikes out swinging
Batting: RHB Cisco Gatán 0-0: Ball
1-0: Foul Ball, location: 2F
1-1: Foul Ball, location: 2F
1-2: Strikes out looking
Top of the 5th over - 0 run(s), 0 hit(s), 0 error(s), 0 left on base; Vista 2 - St Charles 0
BOTTOM OF THE 5TH
St Charles Sheens batting - Pitching for Vista Panthers : RHP Dave Jackson
Batting: RHB Max Rash 0-0: Called Strike
0-1: Foul Ball, location: 2F
0-2: Ball
1-2: Ball
2-2: Ground out 5-3 (Groundball, 56S)
Batting: LHB Juan Jose Rojas 0-0: Ground out U3 (Groundball, 34S)
Batting: RHB Dan Tyler 0-0: Ground out 4-3 (Groundball, 4)
Bottom of the 5th over - 0 run(s), 0 hit(s), 0 error(s), 0 left on base; Vista 2 - St Charles 0
TOP OF THE 6TH
Vista Panthers batting - Pitching for St Charles Sheens : RHP Jesús Andrade
Batting: RHB Phil Matthews 0-0: Called Strike
0-1: Fly out, F8 (Flyball, 78S)
Batting: RHB Justin Burgess 0-0: Called Strike
0-1: Called Strike
0-2: Foul Ball, location: 2F
0-2: Ball
1-2: Foul Ball, location: 2F
1-2: Ball
2-2: Foul Ball, location: 2F
2-2: Fly out, F9 (Flyball, 9S)
Batting: RHB Salvador Salas 0-0: Ball
1-0: Ball
2-0: DOUBLE (Line Drive, 78D)
Batting: LHB Brent Alonzo 0-0: 2-RUN HOME RUN (Flyball, 9LD), Distance : 369 ft
Batting: LHB Bob Cunningham 0-0: Called Strike
0-1: Fly out, F4 (Line Drive, 4)
Top of the 6th over - 2 run(s), 2 hit(s), 0 error(s), 0 left on base; Vista 4 - St Charles 0
BOTTOM OF THE 6TH
St Charles Sheens batting - Pitching for Vista Panthers : RHP Dave Jackson
Batting: LHB Jason Lambert 0-0: Called Strike
0-1: Ball
1-1: Ground out 4-3 (Groundball, 4)
Batting: LHB Kyle Harrison 0-0: Ball
1-0: Ground out U3 (Groundball, 3S)
Batting: RHB Jesús Hernández 0-0: Ball
1-0: Ball
2-0: SINGLE (Line Drive, 7LM)
Batting: RHB Miguel Palácios 0-0: Ball
1-0: Ball
2-0: Ball
3-0: Called Strike
3-1: Fielders Choice at 2nd, 6-4 (Groundball, 6)
Bottom of the 6th over - 0 run(s), 1 hit(s), 0 error(s), 0 left on base; Vista 4 - St Charles 0
TOP OF THE 7TH
Vista Panthers batting - Pitching for St Charles Sheens : RHP Jesús Andrade
Pitching: RHP Irwin Conway
Batting: RHB Alfredo López 0-0: Ball
1-0: Ground out 5-3 (Groundball, 5)
Batting: SHB Mark Wells 0-0: Ball
1-0: Ball
2-0: SINGLE (Groundball, 34D)
Batting: LHB Noriaki Sangi 0-0: Ball
1-0: Ball
2-0: Ball
3-0: Called Strike
3-1: Swinging Strike
3-2: SINGLE (Line Drive, 9S)
Mark Wells to second
Mark Wells to third
Batting: RHB Cisco Gatán 0-0: Fly out, F8 (Line Drive, 8RD)
Runner from 3rd tags up, SCORES, no throw
Batting: RHB Phil Matthews 0-0: Fly out, F8 (Line Drive, 8LM)
Top of the 7th over - 1 run(s), 2 hit(s), 0 error(s), 1 left on base; Vista 5 - St Charles 0
BOTTOM OF THE 7TH
St Charles Sheens batting - Pitching for Vista Panthers : RHP Dave Jackson
Batting: LHB Larry Howard 0-0: Ground out 4-3 (Groundball, 34)
Batting: LHB Stan Bates 0-0: Ball
1-0: Called Strike
1-1: Foul Ball, location: 2F
1-2: Foul Ball, location: 2F
1-2: Ground out 3-1 (Groundball, 34)
Batting: RHB Max Rash 0-0: Called Strike
0-1: Swinging Strike
0-2: Strikes out looking
Bottom of the 7th over - 0 run(s), 0 hit(s), 0 error(s), 0 left on base; Vista 5 - St Charles 0
TOP OF THE 8TH
Vista Panthers batting - Pitching for St Charles Sheens : RHP Irwin Conway
Batting: RHB Justin Burgess 0-0: Ball
1-0: Called Strike
1-1: Ground out 4-3 (Groundball, 4)
Batting: RHB Salvador Salas 0-0: Called Strike
0-1: SINGLE (Groundball, 56D)
Batting: LHB Brent Alonzo 0-0: Called Strike
0-1: Called Strike
0-2: Strikes out swinging
Batting: LHB Bob Cunningham 0-0: Called Strike
0-1: Fly out, F7 (Flyball, 7LMF)
Top of the 8th over - 0 run(s), 1 hit(s), 0 error(s), 1 left on base; Vista 5 - St Charles 0
BOTTOM OF THE 8TH
St Charles Sheens batting - Pitching for Vista Panthers : RHP Dave Jackson
Batting: LHB Juan Jose Rojas 0-0: Ball
1-0: Called Strike
1-1: Fly out, F6 (Popup, 5D)
Batting: RHB Dan Tyler 0-0: Foul Ball, location: 2F
0-1: Ball
1-1: Ball
2-1: Foul Ball, location: 2F
2-2: Strikes out swinging
Batting: LHB Jason Lambert 0-0: Reaches on Catchers interference
Pitching: RHP Yajirobei Endo
Batting: LHB Kyle Harrison 0-0: Called Strike
0-1: Ground out 4-3 (Groundball, 4M)
Bottom of the 8th over - 0 run(s), 0 hit(s), 1 error(s), 1 left on base; Vista 5 - St Charles 0
TOP OF THE 9TH
Vista Panthers batting - Pitching for St Charles Sheens : RHP Irwin Conway
Batting: RHB Alfredo López 0-0: Ground out 6-3 (Groundball, 6)
Batting: SHB Mark Wells 0-0: Ball
1-0: Foul Ball, location: 2F
1-1: Fly out, F3 (Line Drive, 3S)
Batting: LHB Noriaki Sangi 0-0: Ball
1-0: Ground out 6-3 (Groundball, 6)
Top of the 9th over - 0 run(s), 0 hit(s), 0 error(s), 0 left on base; Vista 5 - St Charles 0
BOTTOM OF THE 9TH
St Charles Sheens batting - Pitching for Vista Panthers : RHP Yajirobei Endo
Pitching: RHP David Simpson
Batting: RHB Jesús Hernández 0-0: Hit by Pitch
Batting: RHB Miguel Palácios 0-0: Fly out, F9 (Flyball, 9)
Batting: LHB Larry Howard 0-0: Ball
1-0: Foul Ball, location: 2F
1-1: Foul Ball, location: 2F
1-2: Ball
2-2: Fielders Choice at 2nd, 2-4 (Groundball, 2L)
Batting: LHB Stan Bates 0-0: Called Strike
0-1: Swinging Strike
0-2: Foul Ball, location: 2F
0-2: Foul Ball, location: 2F
0-2: Ball
1-2: Fly out, F8 (Flyball, 89XD)
Bottom of the 9th over - 0 run(s), 0 hit(s), 0 error(s), 1 left on base; Vista 5 - St Charles 0
Tuesday, August 8th, 2017 - OOTP Baseball 17.12 Build 75